 Dungeon Crawl Stone Soup version 0.30.0-5-g1a98f26d00 (webtiles) character file.

Game seed: 13245255652662778564

12869 croobank the Sneak (level 11, -1/88 HPs)
             Began as a Demigod Fire Elementalist on May 10, 2023.
             Killed from afar by a hell hound (4 damage)
             ... with a blast of flame
             ... in a Gauntlet.
             The game lasted 01:20:00 (14621 turns).

croobank the Sneak (Demigod Fire Elementalist)     Turns: 14621, Time: 01:20:00

Health: -1/88      AC: 15    Str: 15    XL:     11   Next: 41%
Magic:  15/23      EV: 13    Int: 28    God:
Gold:   486        SH:  0    Dex: 13    Spells: 7/20 levels left

rFire   + + .        J - staff of fire
rCold   + . .        (no shield)
rNeg    . . .        S - +3 leather armour {rF+}
rPois   +            m - +0 helmet
rElec   .            E - +0 cloak
rCorr   .            v - +2 pair of gloves of the Original Sin {rC+ Str+2 Dex-3 SInv}
SInv    +            (no boots)
Will    +....        y - amulet of regeneration
Stlth   +++          c - ring "Qixoteh" {rPois AC+4 Dex+3}
HPRegen 1.14/turn    R - ring of poison resistance
MPRegen 0.18/turn

%: no teleportation
@: very slightly contaminated, hasted, very quick
A: high MP 1, forlorn, divine attributes, sense surroundings 1, strong 1
a: no special abilities


You were in a Gauntlet.
You visited 1 branch of the dungeon, and saw 11 of its levels.
You also visited: Ossuary and Gauntlet.

You collected 611 gold pieces.
You spent 125 gold pieces at shops.

Inventory:

Hand Weapons
 a - the +5 woodcutter's axe
   (You found it on level 8 of the Dungeon)
 b - a +2 antimagic sling
 f - a +0 falchion
 g - a +0 scimitar
 r - the +0 trident "Hyss" {flame, Int+5 Dex-2}
   (You found it in a Gauntlet)

   Int:       It affects your intelligence (+5).
   Dex:       It affects your dexterity (-2).
 C - a +1 dagger of protection
 D - a +1 flail of draining
 P - a +6 short sword of draining
Missiles
 d - 23 silver boomerangs (quivered)
 o - a javelin
 u - 32 poisoned darts
 O - a curare-tipped dart
Armour
 h - a +0 leather armour
 m - a +0 helmet (worn)
 v - the +2 pair of gloves of the Original Sin (worn) {rC+ Str+2 Dex-3 SInv}
   (You found it in a Gauntlet)

   Str:       It affects your strength (+2).
   Dex:       It affects your dexterity (-3).
   rC:        It protects you from cold.
   SInv:      It lets you see invisible.
 w - +0 steam dragon scales
 E - a +0 cloak (worn)
 F - an orb of wrath
 S - a +3 leather armour of fire resistance (worn)
 V - a +4 troll leather armour
 X - a +2 robe of the Archmagi
 Y - a +0 kite shield
Magical Staves
 J - a staff of fire (weapon)
 U - a staff of poison
Jewellery
 c - the ring "Qixoteh" (left hand) {rPois AC+4 Dex+3}
   (You found it on level 3 of the Dungeon)

   [ring of protection]

   AC:        It affects your AC (+4).
   Dex:       It affects your dexterity (+3).
   rPois:     It protects you from poison.
 l - an amulet of magic regeneration
 y - an amulet of regeneration (around neck)
 z - a ring of ice
 A - a ring of wizardry
 H - a +6 ring of strength
 R - a ring of poison resistance (right hand)
 T - a ring of ice
Wands
 n - a wand of light (7)
Scrolls
 j - a scroll of teleportation
 s - 6 scrolls of immolation
 t - 2 scrolls of silence
 x - a scroll of amnesia
 B - 2 scrolls of enchant weapon
 K - 5 scrolls of noise
 Q - 3 scrolls of poison
Potions
 e - a potion of invisibility
 i - 4 potions of flight
 k - 2 potions of haste
 p - a potion of lignification
 q - 3 potions of cancellation
 L - a potion of brilliance
 W - a potion of mutation
Miscellaneous
 I - a piece from Xom's chessboard (13/15)


   Skills:
 - Level 5.4 Fighting
 - Level 5.9 Dodging
 - Level 7.8 Stealth
 + Level 0.5 Shields
 - Level 5.4 Spellcasting
 - Level 5.6 Conjurations
 - Level 5.0 Hexes
 + Level 5.6 Transmutations
 - Level 6.2 Fire Magic
 + Level 5.6 Earth Magic


You had 7 spell levels left.
You knew the following spells:

 Your Spells              Type           Power      Damage    Failure   Level
a - Foxfire               Conj/Fire      100%       2x1d9     1%          1
b - Scorch                Fire           100%       2d9       1%          2
c - Inner Flame           Hex/Fire       55%        N/A       2%          3
d - Summon Guardian Gole  Hex/Summ       21%        N/A       9%          3
e - Petrify               Tmut/Erth      39%        N/A       8%          4

Your spell library contained the following spells:

 Spells                   Type           Power      Damage    Failure   Level
 Magic Dart               Conj           100%       1d8       1%          1
 Sandblast                Erth           78%        2d17      1%          1
 Passwall                 Tmut/Erth      32%        N/A       1%          2
 Searing Ray              Conj           78%        2d7       1%          2
 Wereblood                Tmut           39%        N/A       1%          2
 Sting                    Tmut/Pois      92%        1d7       2%          1
 Stone Arrow              Conj/Erth      78%        3d11      2%          3
 Ignite Poison            Fire/Tmut/Pois 44%        N/A       4%          3
 Volatile Blastmotes      Fire/Tloc      74%        2d16      7%          3
 Flame Wave               Conj/Fire      57%        2d14      7%          4
 Sticky Flame             Conj/Fire      57%        2d7       7%          4
 Apportation              Tloc           14%        N/A       8%          1
 Necrotise                Necr           28%        1d5       8%          1
 Summon Small Mammal      Summ           28%        N/A       8%          1
 Fulminant Prism          Conj/Hex       18%        3d10      9%          4
 Fireball                 Conj/Fire      28%        3d12      19%         5
 Iskenderun's Battlesphe  Conj           39%        2d9       22%         5
 Call Canine Familiar     Summ           7%         N/A       24%         3
 Animate Armour           Summ/Erth      46%        N/A       26%         4
 Metabolic Englaciation   Hex/Ice        10%        N/A       61%         5
 Iron Shot                Conj/Erth      19%        9d4       77%         6
 Statue Form              Tmut/Erth      26%        N/A       77%         6
 Conjure Ball Lightning   Conj/Air       11%        3x3d6     98%         6
 Eringya's Noxious Bog    Tmut/Pois      11%        N/A       98%         6
 Orb of Destruction       Conj           19%        9d8       100%        7
 Spellforged Servitor     Conj/Summ      11%        N/A       100%        7
 Storm Form               Tmut/Air       11%        N/A       100%        7
 Ignition                 Fire           29%        3d9       100%        8
 Lehudib's Crystal Spear  Conj/Erth      19%        10d6      100%        8
 Shatter                  Erth           19%        3d18*     100%        9


Dungeon Overview and Level Annotations

Branches:
Dungeon (11/15)            Temple (0/1) D:6            Lair (0/5) D:8
    Orc (0/2) D:11        Ossuary (visited)         Gauntlet (1/1)

Shops:
D:7 ((*   D:8 [

Annotations:
Gauntlet 13 transporters, 12 runed translucent doors, exclusion: 2 lightning spires


Innate Abilities, Weirdness & Mutations

You have an increased reservoir of magic. (+10% MP)
You shall have no god before yourself.
Your divine heritage dramatically boosts your attributes as you level up.
You passively map a small area around you.
Your muscles are strong. (Str +4, Int/Dex -1)


Message History

The hell hound attacks as you move away!
The hell hound bites you.
* * * LOW HITPOINT WARNING * * *
The fire bat bites you but does no damage.
Okay, then.
Okay, then.
Sorry, you're not good enough to have a special ability.
Okay, then.
Okay, then.
Okay, then.
Okay, then.
Okay, then.
You make a move on Xom's chessboard...
The fire bat falls asleep!
The hell hound misses you. The fire bat closely misses you.
The fire bat bites you but does no damage.
Okay, then.
Okay, then.
Throw: throwing net
Press: ? - help, Q - select action, (/) - cycle Shift-Dir - straight line, f/p - hell hound
Aim: a hell hound (inner flame, 48% to hit)
You throw a throwing net. The throwing net hits the hell hound.
The hell hound is caught in the net!
The fire bat bites you but does no damage.
The hell hound struggles against the net.
Casting: Inner Flame (mildly dangerous; 2% risk of failure)
Confirm with . or Enter, or press ? or * to list all spells.
Aiming: Petrify (dangerous; 8% risk of failure)
Press: ? - help, Shift-Dir - straight line, f - fire bat, p - hell hound
Aim: a fire bat (chance to affect: 73%)
The fire bat struggles to resist.
The fire bat bites you.
* * * LOW HITPOINT WARNING * * *
You are engulfed in flames.
You resist.
* * * LOW HITPOINT WARNING * * *
The hell hound struggles against the net.
Okay, then.
The fire bat closely misses you. The hell hound breathes flames at you.
The blast of flame hits you. You resist.
You die...

.#5#.#.#.....#.#.#..'..+...#.#..#
#53#.##...©...##.#..[..+...#.#..#
############################.#...
©.........©.........©#≈≈8§≈#.#...
############################.####
....©#§§≈§8≈≈≈≈#©...........©....
#################################
........G#.#.h.b.....#.#..#......
..##.##.u#.#.#h.@..#.#.#..h#.....
.##...##.#.#h##...##.#.#...#....#
.#.....#.#.#..##.##^.#.#h...#©##.
....©....#.#....©....#.#...###...
.#.....#.#.#.§#####^.#.#.##.#....
.##...##.#.#.##hh.##.#.##....#...
G.##.##..#.#.#^...b#.#.#....8#..8
u.=?©[...#.#...)©....#.#)..=©)#..
##########.###########.##########


You could see a hell hog, 3 hell hounds and a fire bat.

Vanquished Creatures
  The ghost of abessonov the Geomancer, a journeyman GrEE of the Shining One (D:9)
  2 two-headed ogres
  A wizard (Gauntlet)
  Joseph (D:7)
  A kobold demonologist (D:10)
  2 trolls
  A hornet (D:9)
  A ynoxinul (D:9)
  5 yaks (D:10)
  4 wyverns
  Eustachio (D:5)
  2 steam dragons (Gauntlet)
  2 fire bats (Gauntlet)
  Menkaure (D:6)
  Edmund (D:5)
  A warg (D:11)
  Duvessa (D:5)
  6 water moccasins
  An ice beast (D:6)
  2 orc warriors
  6 black bears
  3 sky beasts
  2 ogres (D:4)
  2 wolves (D:8)
  2 centaurs
  3 phantoms
  Blork the orc (D:5)
  8 kobold brigands
  4 bullfrogs
  6 scorpions
  3 gnoll sergeants
  8 wights
  Dowan (D:5)
  10 killer bees
  5 hounds
  3 jellies
  5 orc priests
  A human zombie (Ossuary)
  6 orc wizards
  2 gnoll boudas
  4 iguanas
  3 mummies (Ossuary)
  23 gnolls
  8 adders
  5 shadow imps
  2 white imps
  2 ufetubi
  A worm (D:2)
  3 dart slugs
  25 orcs
  6 bats
  7 endoplasms
  3 giant cockroaches
  10 goblins
  13 hobgoblins
  5 jackals
  28 kobolds
  3 quokkas
  9 ball pythons
  7 frilled lizards
  A goblin zombie (Ossuary)
  3 hobgoblin zombies (Ossuary)
  2 kobold zombies (Ossuary)
  An orc zombie (Ossuary)
  10 rats
302 creatures vanquished.

Vanquished Creatures (collateral kills)
  4 foxfires (D:3)
4 creatures vanquished.

Vanquished Creatures (others)
  A two-headed ogre (D:10)
  A raiju (Gauntlet)
  2 wights
  A killer bee (D:9)
  590 foxfires
595 creatures vanquished.

Grand Total: 901 creatures vanquished

Notes
Turn   | Place    | Note
-------+----------+-------------------------------------------
     0 | D:1      | croobank the Demigod Fire Elementalist began the quest for
                  | the Orb.
     0 | D:1      | Reached XP level 1. HP: 14/14 MP: 5/5
    97 | D:1      | Reached skill level 1 in Conjurations
   503 | D:1      | Reached skill level 2 in Stealth
   503 | D:1      | Reached XP level 2. HP: 22/22 MP: 4/7
  1328 | D:2      | Learned a level 2 spell: Scorch
  1355 | D:2      | Reached skill level 1 in Fighting
  1355 | D:2      | Reached XP level 3. HP: 28/28 MP: 3/8
  1361 | D:2      | Learned a level 3 spell: Inner Flame
  2286 | D:2      | Reached XP level 4. HP: 15/35 MP: 0/9
  2691 | D:2      | Identified the +4 scale mail of Unreason {Slay+3 Stlth+}
  2715 | D:3      | Noticed a black bear
  2727 | D:3      | Killed a black bear
  2728 | D:3      | Reached skill level 3 in Stealth
  2728 | D:3      | Reached skill level 1 in Hexes
  2728 | D:3      | Reached XP level 5. HP: 13/40 MP: 0/11
  2837 | D:3      | Identified the ring "Qixoteh" {rPois AC+4 Dex+3}
  3904 | D:4      | Noticed an ogre
  4468 | D:4      | Reached XP level 6. HP: 48/48 MP: 6/12
  5069 | D:5      | Entered Level 5 of the Dungeon
  5076 | D:4      | Reached skill level 4 in Stealth
  5078 | D:4      | Gained mutation: You occasionally lose the ability to drink
                  | potions when taking damage. [potion of mutation]
  5078 | D:4      | Gained mutation: You are partially covered in iridescent
                  | scales. (AC +2) [potion of mutation]
  5078 | D:4      | Gained mutation: You are clumsy. (Dex -2) [potion of
                  | mutation]
  5079 | D:4      | Lost mutation: You are partially covered in iridescent
                  | scales. (AC +2) [potion of mutation]
  5079 | D:4      | Lost mutation: You occasionally lose the ability to drink
                  | potions when taking damage. [potion of mutation]
  5079 | D:4      | Lost mutation: You are clumsy. (Dex -2) [potion of
                  | mutation]
  5079 | D:4      | Gained mutation: Your muscles are strong. (Str +4, Int/Dex
                  | -1) [potion of mutation]
  5079 | D:4      | Gained mutation: You passively map a small area around you.
                  | [potion of mutation]
  5085 | D:4      | Reached XP level 7. HP: 47/56 MP: 0/14
  5330 | D:5      | Noticed Blork the orc
  5336 | D:5      | Killed Blork the orc
  5868 | D:5      | Noticed Duvessa
  5871 | D:5      | Noticed Dowan
  5880 | D:5      | Killed Dowan
  5884 | D:5      | Killed Duvessa
  5885 | D:5      | Reached skill level 5 in Stealth
  5954 | D:5      | Reached XP level 8. HP: 57/63 MP: 0/16
  6224 | D:5      | Noticed Eustachio
  6236 | D:5      | Killed Eustachio
  6272 | D:5      | Noticed Edmund
  6284 | D:5      | Killed Edmund
  6576 | D:5      | Reached skill level 6 in Stealth
  6864 | D:6      | Found a staircase to the Ecumenical Temple.
  6879 | D:6      | Found a sand-covered staircase.
  6898 | Ossuary  | Entered an ossuary
  7481 | D:6      | Noticed Menkaure
  7487 | D:6      | Killed Menkaure
  7488 | D:6      | Reached XP level 9. HP: 71/71 MP: 11/18
  8117 | D:7      | Found Ulles's Weapon Boutique.
  8441 | D:7      | Reached skill level 5 in Fire Magic
  8663 | D:7      | Found Xoxocus's Assorted Antiques.
  8680 | D:7      | Found Vetevoeh's Weapon Boutique.
  8741 | D:7      | Noticed Joseph
  9070 | D:7      | Killed Joseph
  9071 | D:7      | Reached skill level 5 in Dodging
  9071 | D:7      | Reached skill level 7 in Stealth
  9711 | D:8      | Found Ocwumae's Antique Armour Shoppe.
  9720 | D:8      | Bought a dyed leather armour for 125 gold pieces
  9765 | D:8      | Reached XP level 10. HP: 55/80 MP: 2/21
  9800 | D:7      | Reached skill level 5 in Conjurations
 10077 | D:8      | Reached skill level 5 in Spellcasting
 10136 | D:8      | Learned a level 3 spell: Summon Guardian Golem
 10136 | D:8      | Found a staircase to the Lair.
 10143 | D:8      | Found the +5 woodcutter's axe
 10316 | D:8      | Reached skill level 5 in Fighting
 10658 | D:8      | Reached skill level 5 in Hexes
 11084 | D:9      | Found a runed translucent door.
 11088 | D:9      | Noticed abessonov's ghost (journeyman GrEE)
 11113 | D:9      | Killed abessonov's ghost
 11138 | D:9      | Got the Tractate on the Fjord
 11148 | D:9      | Learned a level 4 spell: Petrify
 11248 | D:9      | Noticed a two-headed ogre
 11265 | D:9      | Killed a two-headed ogre
 11266 | D:9      | Reached skill level 1 in Transmutations
 11266 | D:9      | Reached skill level 1 in Earth Magic
 11573 | D:9      | Found a large runed translucent door.
 11573 | D:9      | Found a large runed translucent door.
 12335 | D:10     | Entered Level 10 of the Dungeon
 12770 | D:10     | Noticed a two-headed ogre
 12786 | D:10     | Killed a two-headed ogre
 12787 | D:10     | Reached XP level 11. HP: 88/88 MP: 17/23
 13031 | D:10     | Noticed a two-headed ogre
 13049 | D:10     | Killed a two-headed ogre
 13709 | D:11     | Found a staircase to the Orcish Mines.
 13725 | D:11     | Reached skill level 5 in Transmutations
 13725 | D:11     | Reached skill level 5 in Earth Magic
 13840 | D:11     | Found a gate leading to a gauntlet.
 13847 | Gauntlet | Entered a Gauntlet
 13847 | Gauntlet | Found a transporter.
 13855 | Gauntlet | Noticed a wizard
 13881 | Gauntlet | Found a large runed translucent door.
 13887 | Gauntlet | Noticed a sixfirhy
 13890 | Gauntlet | Found a transporter.
 13892 | Gauntlet | Found a transporter.
 13906 | Gauntlet | Found a large runed translucent door.
 13907 | Gauntlet | Found a large runed translucent door.
 13907 | Gauntlet | Found a large runed translucent door.
 13907 | Gauntlet | Found a runed translucent door.
 13907 | Gauntlet | Found a runed translucent door.
 13908 | Gauntlet | Found a large runed translucent door.
 13909 | Gauntlet | Found a large runed translucent door.
 13910 | Gauntlet | Found a large runed translucent door.
 13910 | Gauntlet | Found a large runed translucent door.
 13910 | Gauntlet | Found a large runed translucent door.
 13910 | Gauntlet | Found a large runed translucent door.
 13910 | Gauntlet | Found a large runed translucent door.
 13910 | Gauntlet | Found a large runed translucent door.
 13911 | Gauntlet | Found a large runed translucent door.
 13911 | Gauntlet | Found a large runed translucent door.
 13912 | Gauntlet | Found a large runed translucent door.
 13912 | Gauntlet | Found a large runed translucent door.
 13914 | Gauntlet | Found a transporter.
 13916 | Gauntlet | Found a transporter.
 13930 | Gauntlet | Found a runed translucent gate.
 13930 | Gauntlet | Found a runed translucent gate.
 13930 | Gauntlet | Found a runed translucent gate.
 13932 | Gauntlet | Found a transporter.
 13947 | Gauntlet | Found a transporter.
 13954 | Gauntlet | Found a transporter.
 13954 | Gauntlet | Noticed a balrug
 13973 | Gauntlet | Found a transporter.
 13988 | Gauntlet | Found a transporter.
 14000 | Gauntlet | Found a transporter.
 14005 | Gauntlet | Noticed a hell hog
 14012 | Gauntlet | Found a transporter.
 14016 | Gauntlet | Noticed a glowing orange brain
 14017 | Gauntlet | Found a transporter.
 14038 | Gauntlet | Found a transporter.
 14038 | Gauntlet | Noticed a wretched star
 14050 | Gauntlet | Found a transporter.
 14056 | Gauntlet | Found a transporter.
 14056 | Gauntlet | Found a transporter.
 14105 | Gauntlet | Found a transporter.
 14123 | Gauntlet | Identified a scroll of acquirement
 14203 | Gauntlet | Acquired the Quarto of Transmutation
 14216 | Gauntlet | Killed a wizard
 14225 | Gauntlet | Identified the +0 trident "Hyss" {flame, Int+5 Dex-2}
 14227 | Gauntlet | Identified the +2 pair of gloves of the Original Sin {rC+
                  | Str+2 Dex-3 SInv}
 14525 | Gauntlet | Acquired a staff of fire
 14616 | Gauntlet | HP: 2/88 [hell hound (6)]
 14621 | Gauntlet | Killed from afar by a hell hound

Illustrated notes

Levels and vault maps discovered:
D:1:      minmay_arrival_three_doors, layout_basic, basic_ecumenical_altar,
          moated_statue
D:2:      cheibrodos_greedy_goblins, layout_rooms, basic_altar
D:3:      wad_lake_hut, layout_loops_ring, mainiacjoe_overflow_alcove_3,
          mainiacjoe_overflow_cross_hatched, nicolae_overflow_ecumenical_swirl
D:4:      layout_cave_pools, nicolae_ru_awakened_eye, dk_xom_monty_hall
D:5:      layout_gridville, grunt_ministairs_7, uniq_edmund, uniq_eustachio,
          uniq_blork_the_orc, uniq_duvessa
D:6:      layout_rooms, minmay_temple_entry_tees, enter_ossuary_1, uniq_menkaure
D:7:      layout_rooms, nemelex_spade_bored_becter,
          nicolae_overflow_hidden_temple, serial_glass, glass_columns_a,
          glass_columns_c, nicolae_shop_distant_corner_stores, uniq_joseph
D:8:      layout_loops_ring, trog_butcher_becter, minmay_lair_entry_grove,
          serial_shops, kennysheep_little_box, minmay_unpleasant_kobolds
D:9:      layout_layer_cave, jmf_multi_god_temple2, hellmonk_ghost_big_iron
D:10:     layout_basic
D:11:     layout_grid_maze, david_orc_3, gauntlet_entry_generic, bloody_makhleb
Gauntlet: gammafunk_gauntlet_one_two_three [nicolae_gauntlet_arena_x,
          minmay_gauntlet_arena_make_your_own_arena,
          gammafunk_gauntlet_arena_mazey, gammafunk_gauntlet_arena_arrow_garden,
          nicolae_gauntlet_swirl, gammafunk_gauntlet_arena_split_x,
          gammafunk_gauntlet_arena_split_diamond,
          nicolae_gauntlet_arena_flowing_pool, gammafunk_gauntlet_arena_teeth,
          gauntlet_exit_watery]

Skill      XL: |  1  2  3  4  5  6  7  8  9 10 11 |
---------------+----------------------------------+-----
Conjurations   | 1 2 3 4 5 |  5.6
Stealth        | 2 3 4 5 6 7 |  7.8
Dodging        | 2 3 4 5 |  5.9
Spellcasting   | 2 3 4 5 |  5.4
Fighting       | 1 2 3 4 5 |  5.4
Fire Magic     | 3 4 5 6 |  6.2
Hexes          | 1 2 3 4 5 |  5.0
Transmutations | 3 5 |  5.6
Earth Magic    | 3 5 |  5.6
Shields        | |  0.5

Action                     |  1- 3 |  4- 6 |  7- 9 | 10-12 || total
---------------------------+-------+-------+-------+-------++-------
  Melee: Dagger            |    25 |     3 |       |     1 ||    29
         Short sword       |       |    30 |    81 |     1 ||   112
         Battleaxe         |       |       |       |   139 ||   139
         Staff             |       |       |       |    35 ||    35
         Punch             |       |       |       |     1 ||     1
   Fire: Sling             |       |       |     9 |    10 ||    19
  Throw: Throwing net      |       |       |     2 |     2 ||     4
         Dart              |       |       |       |     2 ||     2
         Boomerang         |       |       |       |     1 ||     1
   Cast: Foxfire           |    65 |    69 |   148 |    51 ||   333
         Scorch            |     9 |    41 |   100 |    79 ||   229
         Summon Guardian G |       |       |       |     9 ||     9
         Inner Flame       |       |       |       |     3 ||     3
         Petrify           |       |       |       |    10 ||    10
  Evoke: Wand              |       |       |     1 |    10 ||    11
         Piece from Xom's  |       |       |       |     2 ||     2
    Use: Potion            |       |     4 |     1 |    12 ||    17
         Scroll            |       |    10 |     3 |    21 ||    34
   Stab: Sleeping          |     3 |     5 |     6 |     3 ||    17
         Distracted        |       |       |     1 |       ||     1
         Invisible         |       |       |       |     2 ||     2
         Petrified         |       |       |       |    14 ||    14
         Paralysed         |       |       |       |     6 ||     6
 Armour: Robe              |     6 |    16 |    60 |    24 ||   106
         Skin              |       |     4 |       |    12 ||    16
         Leather armour    |       |       |       |   166 ||   166
         Troll leather arm |       |       |       |     9 ||     9
  Dodge: Dodged            |    17 |    36 |   126 |   322 ||   501
